cohdb
Replays
Latest Replays
All Replays
Popular Replays
Top Player Replays
Match Explorer
How It Works
Community
CoH3 Stats
Reddit
Sign in to upload your games and track your stats! →
Sign in with Steam
Match 43376485
Unlisted
Match 43376485
Overview
Messages
Build Orders
End
Kradschützen Motorcycle Team
Panzerpioneer Squad
Panzerpioneer Squad
Panzerpioneer Squad
Construct Light Support Kompanie
Selects Panzerjäger Kommand Battlegroup
Panzerjäger Squad
Selects Tank Busters
Fire Support Elements
MG34 Team
Flakvierling Half-track
Selects Mine Fields
Selects Defensive Positions
le.IG 18 Mechanized Group
Construct Mechanized Kompanie
Vehicle Survival Package
Flakvierling Half-track
Panzergrenadier Squad
Selects Butterfly Bomb Drop
Veteran Squad Leaders
2.5-tonne Medical Truck
Pak 38 Anti-tank Gun Team
Butterfly Bomb Drop
Selects Crew Shock Tactics
Panzerjäger Mechanized Group
Construct Panzerarmee Kommand
Walking Stuka Rocket Launcher
Crew Shock Tactics
Panzergrenadier Squad
Armored Reserves
Panzergrenadier Squad
Emergency Repair Kits
pp123p
[82AD] PaulVmax
飞行的猫先森
NoCommentary
Silac
JRocinante
Quasi saur
makke
0
0
Comments
sign in to comment!
No comments posted yet!